 Dungeon Crawl Stone Soup version 0.31-a0-45-g5f0c076935 (webtiles) character file.

Game seed: 9831851423144984918

31 porpoise the Chopper (level 3, -3/27 (33) HPs)
             Began as a Hill Orc Fighter on May 22, 2023.
             Shot with a sling bullet by a goblin (5 damage)
             ... on level 2 of the Dungeon.
             The game lasted 00:02:21 (803 turns).

porpoise the Chopper (Hill Orc Fighter)              Turns: 803, Time: 00:02:22

HP:   -3/27 (33)    AC:  6    Str: 26    XL:     3   Next: 22%
MP:   3/3           EV:  9    Int:  8    God:
Gold: 26            SH:  4    Dex: 10    Spells: 2/2 levels left

rFire   . . .        a - +0 war axe
rCold   . . .        c - +0 buckler
rNeg    . . .        b - +0 scale mail
rPois   .            (no helmet)
rElec   .            (no cloak)
rCorr   .            (no gloves)
SInv    .            (no boots)
Will    .....        (no amulet) Stlth
                     e - +6 ring of strength
HPRegen 0.24/turn    (no ring)
MPRegen 0.08/turn

%: no passive effects
@: mighty, heavily drained
A: no striking features
a: no special abilities


You were on level 2 of the Dungeon.
You visited 1 branch of the dungeon, and saw 2 of its levels.

You collected 26 gold pieces.

Inventory:

Hand Weapons
 a - a +0 war axe (weapon)
Armour
 b - a +0 scale mail (worn)
 c - a +0 buckler (worn)
Jewellery
 e - a +6 ring of strength (left hand)
Potions
 f - a potion of heal wounds {unknown}
 g - a potion of degeneration {unknown}


   Skills:
 + Level 4.1 Fighting
 * Level 4.2 Axes
 - Level 3.3 Armour
 - Level 3.3 Shields


You had 2 spell levels left.
You didn't know any spells.
Your spell library was empty.

Dungeon Overview and Level Annotations

Branches:
Dungeon (2/15)

Altars:

Annotations:
D:2 Terence


Message History

Okay, then.
You hit Terence.
Terence is lightly wounded.
Terence hits you with a +2 flail of draining!
You feel drained.
You closely miss Terence.
Terence is lightly wounded.
Terence hits you but does no damage.
You feel drained. You block Terence's attack.
You hit Terence but do no damage.
Terence is lightly wounded.
Terence barely misses you.
You hit Terence but do no damage.
Terence is lightly wounded.
Terence barely misses you.
You barely miss Terence.
Terence is lightly wounded.
Terence hits you with a +2 flail of draining.
You feel drained.
Terence hits you with a +2 flail of draining!
* * * LOW HITPOINT WARNING * * *
You feel drained.
* * * LOW HITPOINT WARNING * * *
You feel very mighty all of a sudden.
A goblin comes into view. It is wielding a +0 club.
Terence barely misses you.
You barely miss Terence.
Terence is lightly wounded.
The goblin shouts!
The goblin unwields a +0 club.
The goblin wields a +0 sling.
The goblin shoots a sling bullet.
The sling bullet closely misses you. Terence closely misses you.
You hit Terence.
Terence is heavily wounded.
Terence hits you with a +2 flail of draining.
* * * LOW HITPOINT WARNING * * *
You feel drained.
* * * LOW HITPOINT WARNING * * *
The goblin shoots a sling bullet.
The sling bullet hits you.
You die...

######## #......#
#......# . #......# ...
#......# g...##.@....#
.......@....+
..!.##......#. #### #
#........# #...
#.######## #####.## #†#
#<....#
###.#################
#....................
........#################
....#.###


You could see Terence and a goblin.

Vanquished Creatures
  3 dart slugs (D:1)
  A bat (D:1)
  An endoplasm (D:1)
  3 giant cockroaches
  4 hobgoblins (D:1)
  4 kobolds (D:1)
  4 ball pythons (D:1)
  2 frilled lizards (D:1)
  2 rats (D:1)
24 creatures vanquished.

Notes
Turn   | Place    | Note
-------+----------+-------------------------------------------
     0 | D:1      | porpoise the Hill Orc Fighter began the quest for the Orb.
     0 | D:1      | Reached XP level 1. HP: 19/19 MP: 1/1
   153 | D:1      | Reached XP level 2. HP: 27/27 MP: 2/2
   462 | D:1      | Reached XP level 3. HP: 33/33 MP: 3/3
   792 | D:2      | Noticed Terence
   803 | D:2      | Shot with a sling bullet by a goblin

Illustrated notes

Levels and vault maps discovered:
D:1:      dpeg_arrival_arbitrary_b, layout_loops_ring
D:2:      layout_basic, serial_shops, nicolae_shop_mannequins, uniq_terence,
          uniq_sigmund, uniq_robin

Skill      XL: |  1  2 |
---------------+-------+-----
Axes           | 3 4 |  4.2
Fighting       | 4 |  4.1
Armour         | |  3.3
Shields        | |  3.3

Action                     || total
---------------------------++-------
  Melee: War axe           ||    70
    Use: Potion            ||     1
 Armour: Scale mail        ||    21
  Dodge: Dodged            ||    32
  Block: Buckler           ||    14

Table legend: (Time is in decaauts)
 A = Elapsed time spent in this place.
 B = Non-inter-level travel time spent in this place.
 C = Inter-level travel time spent in this place.
 D = Time resting spent in this place.
 E = Time spent auto-exploring this place.
 F = Levels seen in this place.
 G = Mean time per level.
                   A        B        C        D        E       F      G
               +--------+--------+--------+--------+--------+-----+--------+
         Total |    825 |    807 |     18 |      0 |    643 |   2 |  412.5 |
       Dungeon |    825 |    807 |     18 |      0 |    643 |   2 |  412.5 |
               +--------+--------+--------+--------+--------+-----+--------+

Top non-repeatable levels by time:
     D:1: 770 daAuts
     D:2: 55 daAuts
